 Dungeon Crawl Stone Soup version 0.21-a0-13-g3fd62ac (webtiles) character file.

2855 Ijustatesigmund the Unhurried (level 9, -8/61 HPs)
             Began as an Octopode Conjurer on May 23, 2017.
             Was a Believer of Cheibriados.
             Killed from afar by a steam dragon (16 damage)
             ... with a ball of steam
             ... on level 8 of the Dungeon.
             The game lasted 00:35:46 (10422 turns).

Ijustatesigmund the Unhurried (Octopode Conjurer)  Turns: 10422, Time: 00:35:47

Health: -8/61      AC:  1    Str: 18    XL:     9   Next: 75%
Magic:  11/15      EV: 16    Int: 28    God:    Cheibriados [**....]
Gold:   183        SH:  8    Dex: 20    Spells: 5/17 levels left

rFire    . . .     SeeInvis +   e - +3 rapier (venom)
rCold    + . .     Gourm    .   B - +2 buckler
rNeg     . . .     Faith    .   (helmet restricted)
rPois    .         Spirit   .   (no amulet)
rElec    .         Reflect  .   p - ring of protection from magic
rCorr    .         Harm     .   q - +4 ring of strength
MR       +....                  s - +2 ring of intelligence
Stlth    ++++......             (no ring)
Regen    0.2/turn               w - ring of see invisible
MPRegen  0.2/turn               (no ring)
                                (no ring)
                                (no ring)

@: very slow
A: almost no armour, stealthy swim, amphibious, 8 rings, constrict 8, tentacle
spike 1, camouflage 1, clever 1, cold resistance 1, wild magic 1, gelatinous
body 1, evolution 1
a: Bend Time, Renounce Religion


You were on level 8 of the Dungeon.
You worshipped Cheibriados.
Cheibriados was pleased with you.
You were not hungry.

You visited 1 branch of the dungeon, and saw 8 of its levels.
You also visited: Sewer.

You collected 322 gold pieces.
You spent 139 gold pieces at shops.

Inventory:

Hand Weapons
 e - a +3 rapier of venom (weapon)
Missiles
 i - 2 javelins (quivered)
 k - 12 tomahawks
 y - 2 throwing nets
Armour
 B - a +2 buckler (worn)
Jewellery
 p - a ring of protection from magic (left tentacle)
 q - a +4 ring of strength (right tentacle)
 r - an uncursed ring of fire
 s - a +2 ring of intelligence (on tentacle)
 w - a ring of see invisible (on tentacle)
 C - an uncursed amulet of regeneration {unknown}
Wands
 x - a wand of digging (10/24)
Scrolls
 d - 3 scrolls of teleportation
 g - 4 scrolls of magic mapping
 o - a scroll of amnesia
 t - 5 scrolls of fog
 v - 2 scrolls of recharging
 A - a scroll of remove curse
 D - a scroll of fear
Potions
 c - 2 potions of curing
 f - 7 potions of magic
 h - 2 potions of cancellation
 l - a potion of flight
 m - 2 potions of brilliance
Books
 a - a book of Conjurations

   Spells                             Type                      Level
   a - Magic Dart                     Conjuration                  1
   b - Searing Ray                    Conjuration                  2
   c - Dazzling Spray                 Conjuration/Hexes            3
   d - Fulminant Prism                Conjuration/Hexes            4
   e - Force Lance                    Conjuration/Translocation    4
   f - Iskenderun's Mystic Blast      Conjuration                  4
 u - a book of Maledictions

   Spells                             Type                      Level
   a - Corona                         Hexes                        1
   b - Ensorcelled Hibernation        Hexes/Ice                    2
   c - Confuse                        Hexes                        3
   d - Tukima's Dance                 Hexes                        3
   e - Dazzling Spray                 Conjuration/Hexes            3
Comestibles
 b - 3 bread rations
 j - 3 royal jellies
 z - 4 meat rations


   Skills:
 - Level 5.2 Fighting
 - Level 2.1 Short Blades
 - Level 4.1 Dodging
 - Level 2.6 Stealth
 - Level 4.1 Shields
 - Level 4.5 Spellcasting
 + Level 6.0 Conjurations
 - Level 3.4 Hexes
 + Level 3.5 Ice Magic
 + Level 6.2 Invocations


You had 5 spell levels left.
You knew the following spells:

 Your Spells              Type           Power        Failure   Level  Hunger
a - Magic Dart            Conj           ####         1%          1    None
b - Searing Ray           Conj           ######       1%          2    None
c - Dazzling Spray        Conj/Hex       #####.       5%          3    ##.....
d - Iskenderun's Mystic   Conj           ######..     10%         4    ####...
e - Ensorcelled Hibernat  Hex/Ice        ####..       4%          2    None


Dungeon Overview and Level Annotations

Branches:
Dungeon (8/15)             Temple (0/1) D:5
   Lair: D:8-11

Altars:
Ashenzari
Cheibriados
Makhleb
Qazlal
Ru
Trog
Uskayaw
Wu Jian

Shops:
D:4 (   D:5 }?[=

Annotations:
D:8 1 runed door, exclusion: 4 orange crystal statues


Innate Abilities, Weirdness & Mutations

You cannot wear most types of armour.
You are very stealthy in the water. (Stealth+)
You are amphibious.
You can wear up to eight rings at the same time.
You can use your tentacles to constrict eight enemies at once.
Your skin changes colour to match your surroundings (Stealth+).
Your rubbery body absorbs attacks. (AC +1, EV +1)
One of your tentacles bears a spike.
Your mind is acute. (Int +2)
Your flesh is cold resistant. (rC+)
Your spells are a little harder to cast, but a little more powerful.
You evolve.


Message History

You pierce the steam dragon, but do no damage.
You squeeze the steam dragon.
The steam dragon is moderately wounded.
You are engulfed in a cloud of scalding steam.
* * * LOW HITPOINT WARNING * * *
You block the steam dragon's attack. x2
Casting: Magic Dart
Confirm with . or Enter, or press ? or * to list all spells.
Aiming: Iskenderun's Mystic Blast
Press: ? - help, Shift-Dir - straight line, f - steam dragon
Aim: a steam dragon (moderately wounded, poisoned, catching its breath)
The orb of energy misses the steam dragon.
You are engulfed in a cloud of scalding steam.
* * * LOW HITPOINT WARNING * * *
The steam dragon closely misses you. The steam dragon claws you.
* * * LOW HITPOINT WARNING * * *
You feel better. The steam dragon breathes steam at you.
The ball of steam hits you!
You die...

........#.... ........#..#
####....#.[########
...'..............#
...#....#########.#
#....#8....Z8#.#
#....#.#...#.#.## ###
###....#.......#..#
##.###...D@§+...[...'..#
#.<..#...†..#.......#..#
+)...'......#.#...#.#..#
##..##.....÷#8....o8#..###.
####..#....#..#########......
#.....#....#.................
#.....'....#..#..............
#.....#....#..#..............
#.....#....#..#..............


You could see a steam dragon.

Vanquished Creatures
  2 hippogriffs
  A hungry ghost (D:8)
  An orc warrior (D:7)
  A phantom (D:7)
  2 ogres
  A necrophage (D:8)
  3 centaurs
  Blork the orc (D:4)
  9 bullfrogs
  3 wights
  A crimson imp (D:5)
  5 hounds
  A gnoll shaman (D:4)
  2 orc wizards
  An orc priest (D:8)
  A bullfrog skeleton (D:7)
  Jessica (D:2)
  2 iguanas
  4 worker ants
  A hound zombie (D:6)
  Robin (D:3)
  9 gnolls
  11 adders
  4 river rats (Sewer)
  3 oozes
  An adder skeleton (D:8)
  An adder zombie (D:5)
  2 worms (D:4)
  2 dart slugs
  4 leopard geckos
  17 orcs
  15 ball pythons
  7 bats
  15 goblins
  15 hobgoblins
  3 jackals (D:6)
  11 kobolds
  A quokka (D:2)
  9 frilled lizards
  2 quokka skeletons
  27 rats
203 creatures vanquished.

Notes
Turn   | Place    | Note
-------+----------+-------------------------------------------
     0 | D:1      | Ijustatesigmund the Octopode Conjurer began the quest for the Orb.
     0 | D:1      | Reached XP level 1. HP: 11/11 MP: 3/3
   231 | D:1      | Found a shattered altar of Ashenzari.
   291 | D:1      | Reached skill level 1 in Fighting
   291 | D:1      | Reached XP level 2. HP: 18/18 MP: 3/5
   295 | D:1      | Learned a level 2 spell: Searing Ray
  1043 | D:2      | Reached XP level 3. HP: 21/24 MP: 0/6
  1419 | D:2      | Learned a level 3 spell: Dazzling Spray
  1425 | D:2      | Noticed Robin
  1498 | D:3      | Reached XP level 4. HP: 20/30 MP: 2/8
  1827 | D:3      | Killed Robin
  2523 | D:2      | Noticed Jessica
  2542 | D:2      | Killed Jessica
  2542 | D:2      | Reached XP level 5. HP: 31/36 MP: 2/9
  2548 | D:2      | Learned a level 4 spell: Iskenderun's Mystic Blast
  2643 | D:2      | Reached skill level 1 in Hexes
  2663 | D:2      | Gained mutation: Your mind is acute. (Int +2) [potion of mutation]
  2663 | D:2      | Gained mutation: Your spells are a little harder to cast, but a little more powerful. [potion of mutation]
  2663 | D:2      | Gained mutation: You evolve. [potion of mutation]
  2663 | D:2      | Gained mutation: Your flesh is cold resistant. (rC+) [potion of mutation]
  3557 | D:3      | Found a bloodstained altar of Trog.
  3947 | D:4      | Found Soepafae's Antique Weapon Shop.
  3947 | D:4      | Noticed Blork the orc
  3972 | D:4      | Found a glowing drain.
  4008 | Sewer    | Entered a sewer
  4475 | Sewer    | Reached skill level 1 in Short Blades
  4476 | Sewer    | Reached XP level 6. HP: 42/42 MP: 6/11
  4665 | Sewer    | Gained mutation: One of your tentacles bears a spike. [evolution]
  5208 | D:4      | Killed Blork the orc
  5208 | D:4      | Reached XP level 7. HP: 43/46 MP: 5/13
  5306 | D:4      | Found a snail-covered altar of Cheibriados.
  5427 | D:4      | Found an ornate altar of the Wu Jian Council.
  5525 | D:4      | Found a hide-covered altar of Uskayaw.
  5525 | D:4      | Found a sacrificial altar of Ru.
  5527 | D:4      | Found a burning altar of Makhleb.
  5609 | D:4      | Reached skill level 5 in Conjurations
  6260 | D:4      | Became a worshipper of Cheibriados the Contemplative
  6282 | D:4      | Reached skill level 1 in Invocations
  6498 | D:5      | Entered Level 5 of the Dungeon
  6511 | D:5      | Found Bafronycs's Jewellery Shoppe.
  6705 | D:5      | Reached XP level 8. HP: 47/52 MP: 7/14
  6886 | D:5      | Found Cetus's Magic Scroll Shop.
  6891 | D:5      | Found Xamen's Antique Armour Boutique.
  6899 | D:5      | Bought a buckler for 139 gold pieces
  7245 | D:5      | Found Retz's Gadget Boutique.
  7257 | D:5      | Reached * piety under Cheibriados
  7257 | D:5      | Reached skill level 1 in Shields
  7468 | D:5      | Found a staircase to the Ecumenical Temple.
  7707 | D:6      | Noticed a hippogriff
  7715 | D:6      | Killed a hippogriff
  8722 | D:7      | Reached XP level 9. HP: 57/59 MP: 10/15
  8875 | D:7      | Found a stormy altar of Qazlal.
  8943 | D:7      | Learned a level 2 spell: Ensorcelled Hibernation
  9022 | D:7      | Reached skill level 1 in Ice Magic
  9129 | D:7      | Reached ** piety under Cheibriados
  9165 | D:7      | Reached skill level 5 in Fighting
  9238 | D:7      | Reached skill level 5 in Invocations
  9971 | D:8      | Found a runed door.
 10196 | D:8      | Found a runed door.
 10197 | D:8      | Noticed an orange crystal statue
 10225 | D:8      | Noticed an orange crystal statue
 10225 | D:8      | Noticed an orange crystal statue
 10225 | D:8      | Noticed an orange crystal statue
 10422 | D:8      | Killed from afar by a steam dragon

Vault maps used:
D:1:      sevenhm_arrival_forest_fort_small_4, evilmike_ruin_ashenzari
D:2:      uniq_robin, uniq_jessica
D:3:      first_bread, trog_book
D:4:      minitemple, lemuel_coloured_pillars_altar,
          cheibrodos_sewer_entry_bend, serial_shops, shop_statue,
          kennysheep_slug_shrine, uniq_blork_the_orc
D:5:      minmay_temple_entry_statues_pillars, serial_shops,
          nicolae_shop_waterfront, shop, kennysheep_mini_moat, shop,
          serial_park_tiny_1, minmay_misc_feat_chi
D:7:      grunt_qazlal_sundering
D:8:      blue_anna_alchemist, chequers_guarded_unrand_ignorance
Sewer:    sewer_minmay_w

Skill      XL: |  1  2  3  4  5  6  7  8  9 |
---------------+----------------------------+-----
Fighting       | 1 2 3 4 5 |  5.2
Spellcasting   | 3 4 |  4.5
Hexes          | 2 3 |  3.4
Short Blades   | 1 2 |  2.1
Conjurations   | 5 6 |  6.0
Invocations    | 2 4 6 |  6.2
Dodging        | 4 |  4.1
Shields        | 3 4 |  4.1
Ice Magic      | 3 |  3.5
Stealth        | |  2.6

Action                   |  1- 3 |  4- 6 |  7- 9 || total
-------------------------+-------+-------+-------++-------
Melee: Club              |     6 |    18 |       ||    24
       Constrict         |     2 |    10 |    20 ||    32
       Tentacles         |     1 |     5 |    27 ||    33
       Rapier            |       |    24 |    98 ||   122
       Kick              |       |     3 |    45 ||    48
Throw: Javelin           |       |     2 |     1 ||     3
 Cast: Magic Dart        |    55 |   136 |   175 ||   366
       Searing Ray       |       |     5 |    17 ||    22
       Iskenderun's Myst |       |       |     4 ||     4
  Use: Scroll            |     8 |     7 |     9 ||    24
       Potion            |       |     8 |     1 ||     9
 Stab: Sleeping          |       |     1 |       ||     1
  Eat: Chunk             |     2 |     9 |    10 ||    21
       Royal jelly       |       |     1 |     1 ||     2
       Fruit             |       |       |     3 ||     3
       Bread ration      |       |       |     1 ||     1
Armor: Skin              |     2 |     7 |     1 ||    10
Dodge: Dodged            |    17 |    67 |   112 ||   196
Block: Buckler           |       |       |    48 ||    48
